 Dungeon Crawl Stone Soup version 0.29-a0-529-gfa20dd96a1 (webtiles) character file.

Game seed: 3644499056310659966

35 happo123 the Sneak (level 3, -2/20 HPs)
             Began as a Kobold Enchanter on June 2, 2022.
             Slain by Robin
             ... wielding a +1 vampiric short sword
              (4 damage)
             ... on level 2 of the Dungeon.
             The game lasted 00:04:19 (1273 turns).

happo123 the Sneak (Kobold Enchanter)               Turns: 1273, Time: 00:04:20

Health: -2/20      AC:  4    Str:  5    XL:     3   Next: 52%
Magic:  0/6        EV: 15    Int: 18    God:
Gold:   58         SH:  0    Dex: 15    Spells: 2/7 levels left

rFire   . . .      SeeInvis .   a - +1 dagger
rCold   . . .      Faith    .   (no shield)
rNeg    . . .      Spirit   .   b - +0 robe
rPois   .          Reflect  .   (no helmet)
rElec   .          Harm     .   h - +0 cloak
rCorr   .          Rampage  .   j - +0 pair of gloves
Will    .....                   (no boots)
Stlth   ++++......              (no amulet)
HPRegen 0.06/turn               (no ring)
MPRegen 0.10/turn               (no ring)

@: no status effects
A: small, no large weapons, nightstalker 3
a: no special abilities


You were on level 2 of the Dungeon.
You visited 1 branch of the dungeon, and saw 2 of its levels.

You collected 58 gold pieces.

Inventory:

Hand Weapons
 a - a +1 dagger (weapon)
Armour
 b - a +0 robe (worn)
 h - a +0 cloak (worn)
 j - a +0 pair of gloves (worn)
Scrolls
 d - a scroll of teleportation {unknown}
 k - a scroll of identify {unknown}
Potions
 c - 2 potions of invisibility
 e - a potion of haste {unknown}
 f - a potion of curing {unknown}
 g - a potion of might {unknown}
 i - a potion of heal wounds {unknown}


   Skills:
 + Level 0.7 Fighting
 + Level 1.7 Short Blades
 + Level 2.6 Dodging
 + Level 4.3 Stealth
 + Level 2.5 Spellcasting
 * Level 3.5 Hexes


You had 2 spell levels left.
You knew the following spells:

 Your Spells              Type           Power      Damage    Failure   Level
a - Ensorcelled Hibernat  Hex/Ice        16%        N/A       12%         2
b - Confusing Touch       Hex            15%        N/A       12%         3

Your spell library contained the following spells:

 Spells                   Type           Power      Damage    Failure   Level
 Tukima's Dance           Hex            15%        N/A       12%         3
 Dazzling Flash           Conj/Hex       16%        N/A       24%         3
 Passage of Golubria      Tloc           2%         N/A       86%         4
 Yara's Violent Unravell  Hex/Tmut       4%         3d4       92%         5


Dungeon Overview and Level Annotations

Branches:
Dungeon (2/15)

Altars:

Annotations:
D:2 Robin


Innate Abilities, Weirdness & Mutations

You are small and have problems with some larger weapons.
You are completely attuned to the shadows.


Message History

Robin throws the goblin at you!
You hit Robin but do no damage. The goblin barely misses you.
Robin barely misses you.
You hit Robin. You punch Robin, but do no damage.
Robin is moderately wounded.
The goblin closely misses you.
Robin says, "My goblins will feast on your bones."
Robin roars a battlecry!
The goblins go into a battle-frenzy!
You barely miss Robin.
Robin is moderately wounded.
The goblin hits you but does no damage.
Robin hits you with a +1 vampiric short sword.
You hit Robin but do no damage.
Robin is moderately wounded.
The goblin hits you with a +0 club. Robin barely misses you.
You hit Robin.
Robin is heavily wounded.
A rat comes into view.
The goblin hits you with a +0 club.
* * * LOW HITPOINT WARNING * * *
Robin hits you with a +1 vampiric short sword.
* * * LOW HITPOINT WARNING * * *
Robin draws strength from your wounds!
Aiming: Ensorcelled Hibernation (safe; 12% risk of failure)
Press: ? - help, Q - select action Shift-Dir - straight line, f/p - Robin
Aim: Robin, wielding a +1 vampiric short sword, wearing a +0 animal skin and wearing a +2 helmet (moderately wounded, chance to affect: 50%) Robin resists with some effort.
The goblin hits you with a +0 club.
* * * LOW HITPOINT WARNING * * *
Robin completely misses you.
You hit Robin.
Robin is severely wounded.
The goblin hits you but does no damage. Robin completely misses you.
You hit Robin.
Robin is severely wounded.
A hobgoblin comes into view.
The goblin barely misses you.
Robin hits you with a +1 vampiric short sword.
You die...

# ##.. .# #.#..
..#
###.#.####...
#<#..........#
#.###)##.#...#.
#..)..##.##rg.
########.)gg#
###g## #@# #g#
#.# #.# #.#


You could see Robin, a hobgoblin (wandering), 3 goblins and a rat.

Vanquished Creatures
  A dart slug (D:1)
  2 ball pythons (D:1)
  2 endoplasms (D:1)
  7 goblins
  4 hobgoblins
  3 jackals (D:1)
  2 kobolds (D:1)
  A quokka (D:1)
  A bat (D:1)
  2 frilled lizards (D:1)
  3 rats (D:1)
28 creatures vanquished.

Notes
Turn   | Place    | Note
-------+----------+-------------------------------------------
     0 | D:1      | happo123 the Kobold Enchanter began the quest for the Orb.
     0 | D:1      | Reached XP level 1. HP: 10/10 MP: 3/3
   272 | D:1      | Reached XP level 2. HP: 7/15 MP: 5/5
   275 | D:1      | Learned a level 2 spell: Ensorcelled Hibernation
   432 | D:1      | Found a faded altar of an unknown god.
   898 | D:1      | Reached XP level 3. HP: 20/20 MP: 6/6
   902 | D:1      | Learned a level 3 spell: Confusing Touch
  1260 | D:2      | Noticed Robin
  1273 | D:2      | Slain by Robin

Illustrated notes

Levels and vault maps discovered:
D:1:      dpeg_arrival_shrine, layout_loops_ring,
          hellmonk_ecumenical_altar_pennies_from_heaven
D:2:      layout_basic, uniq_sigmund, uniq_robin

Action                   || total
-------------------------++-------
Melee: Dagger            ||    62
       Punch             ||     1
 Cast: Ensorcelled Hiber ||    10
 Stab: Sleeping          ||    19
Armor: Robe              ||     9
Dodge: Dodged            ||    39

Table legend: (Time is in decaauts)
 A = Elapsed time spent in this place.
 B = Non-inter-level travel time spent in this place.
 C = Inter-level travel time spent in this place.
 D = Time resting spent in this place.
 E = Time spent auto-exploring this place.
 F = Levels seen in this place.
 G = Mean time per level.
                   A        B        C        D        E       F      G
               +--------+--------+--------+--------+--------+-----+--------+
         Total |   1270 |   1217 |     53 |     41 |    966 |   2 |  635.0 |
       Dungeon |   1270 |   1217 |     53 |     41 |    966 |   2 |  635.0 |
               +--------+--------+--------+--------+--------+-----+--------+

Top non-repeatable levels by time:
     D:1: 1220 daAuts
     D:2: 49 daAuts
